 Dungeon Crawl Stone Soup version 0.27-a0-380-g150de4c (webtiles) character file.

Game seed: 2321203939219811360

1512 MrTaco21 the Basher (level 8, -1/46 HPs)
             Began as a Gargoyle Fighter on Feb 17, 2021.
             Was a Believer of Okawaru.
             Engulfed by a steam dragon's steam (4 damage)
             ... on level 6 of the Dungeon.
             The game lasted 00:13:00 (6136 turns).

MrTaco21 the Basher (Gargoyle Fighter)              Turns: 6136, Time: 00:13:01

Health: -1/46      AC: 13    Str: 22    XL:     8   Next: 83%
Magic:  8/8        EV:  7    Int:  9    God:    Okawaru [**....]
Gold:   220        SH: 14    Dex:  9    Spells: 7/7 levels left

rFire    . . .     SeeInvis .   x - +2 flail (holy)
rCold    . . .     Faith    .   c - +0 kite shield
rNeg     + . .     Spirit   .   b - +0 scale mail
rPois    ∞         Reflect  +   (no helmet)
rElec    +         Harm     .   (no cloak)
rCorr    .         Rampage  .   (no gloves)
Will     .....                  m - +0 pair of boots
Stlth    ..........             r - amulet of reflection
HPRegen  0.15/turn              f - ring of flight
MPRegen  0.11/turn              (no ring)

@: no status effects
A: negative energy resistance 1, electricity resistance, unbreathing,
petrification resistance, miasma immunity, AC +5
a: Renounce Religion, Evoke Flight, Heroism


You were on level 6 of the Dungeon.
You worshipped Okawaru.
Okawaru was pleased with you.
You visited 1 branch of the dungeon, and saw 6 of its levels.

You collected 220 gold pieces.

Inventory:

Hand Weapons
 x - a +2 flail of holy wrath (weapon)
   (You took it off an orc on level 4 of the Dungeon)
Missiles
 l - 41 poisoned darts (quivered)
Armour
 b - a +0 scale mail (worn)
 c - a +0 kite shield (worn)
 m - a +0 pair of boots (worn)
   (You found it on level 2 of the Dungeon)
Jewellery
 f - a ring of flight (left hand)
   (You found it on level 1 of the Dungeon)
 r - an amulet of reflection (around neck)
   (You found it on level 4 of the Dungeon)
 y - a ring of ice {unknown}
   (You found it on level 6 of the Dungeon)
Wands
 v - a wand of digging (3)
   (You found it on level 6 of the Dungeon)
Scrolls
 a - 6 scrolls of identify {unknown}
 g - 2 scrolls of immolation {unknown}
 h - 2 scrolls of blinking {unknown}
 n - 4 scrolls of enchant armour {unknown}
 o - 2 scrolls of teleportation {unknown}
 s - a scroll of noise {unknown}
 t - a scroll of amnesia {unknown}
 u - 3 scrolls of magic mapping {unknown}
Potions
 d - 2 potions of might
 e - 5 potions of curing {unknown}
 i - 2 potions of invisibility {unknown}
 j - a potion of cancellation {unknown}
 k - a potion of lignification {unknown}
 p - 2 potions of attraction {unknown}
 q - a potion of mutation {unknown}
 w - 2 potions of flight {unknown}


   Skills:
 - Level 3.2 Fighting
 + Level 10.8 Maces & Flails
 - Level 3.2 Armour
 - Level 3.2 Shields


You had 7 spell levels left.
You didn't know any spells.
Your spell library contained the following spells:

 Spells                   Type           Power        Failure   Level
 Animate Skeleton         Necr           0%           99%         1
 Pain                     Necr           0%           99%         1
 Vampiric Draining        Necr           0%           100%        3
 Animate Dead             Necr           0%           100%        4
 Agony                    Necr           0%           100%        5


Dungeon Overview and Level Annotations

Branches:
Dungeon (6/15)
 Temple: D:4-7

Altars:
Cheibriados
Dithmenos
Hepliaklqana
Okawaru
Trog

Shops:
D:4 (


Innate Abilities, Weirdness & Mutations

You are resistant to torment.
Your stone body is resilient. (AC +5)
You are immune to poison.
You resist negative energy. (rN+)
You are resistant to electric shocks. (rElec)
You can survive without breathing.
You are immune to petrification.
You are immune to miasma.


Message History

The worker ant bites you but does no damage.
You closely miss the worker ant. You block the adder's attack.
You block the worker ant's attack. The adder bites you but does no damage.
You hit the worker ant.
You kill the worker ant!
Okawaru accepts your kill. You block the adder's attack.
You hit the adder. The adder bites you but does no damage.
A steam dragon comes into view.
You block the adder's attack.
You miss the adder.
The steam dragon hisses angrily.
You block the adder's attack.
You completely miss the adder. The adder bites you but does no damage.
You thump the adder!
You kill the adder!
Okawaru accepts your kill.
You closely miss the steam dragon. The steam dragon breathes steam at you.
The ball of steam hits you!
You barely miss the steam dragon.
You are engulfed in a cloud of scalding steam.
You block the steam dragon's attack. x2
You hit the steam dragon but do no damage.
You are engulfed in a cloud of scalding steam.
* * * LOW HITPOINT WARNING * * *
You block the steam dragon's attack. The steam dragon barely misses you.
You are too injured to fight recklessly!
You are too injured to fight recklessly!
You are too injured to fight recklessly!
You hit the steam dragon.
You are engulfed in a cloud of scalding steam.
You block the steam dragon's attack.
The steam dragon claws you but does no damage.
You sock the steam dragon!
You are engulfed in a cloud of scalding steam.
The steam dragon barely misses you. You block the steam dragon's attack.
Unknown command.
Unknown command.
You closely miss the steam dragon.
You are engulfed in a cloud of scalding steam.
You block the steam dragon's attack. x4
Unknown command.
You hit the steam dragon. The steam dragon breathes steam at you.
The ball of steam hits you!!
* * * LOW HITPOINT WARNING * * *
You closely miss the steam dragon.
You are engulfed in a cloud of scalding steam.
You die...

### ... #.########
#........# #........#
#.......# ###.##.......#
.....§§@D...############
........................
#.#########.########.###
...# #.# # ###.# ##.###
#.#######.....
#.............
####............ .###
#..........#....


You could see a steam dragon (catching breath).

Vanquished Creatures
  Eustachio (D:6)
  Menkaure (D:4)
  An ice beast (D:3)
  A black bear (D:6)
  A centaur (D:5)
  2 bullfrogs (D:6)
  A gnoll sergeant (D:6)
  A scorpion (D:5)
  2 centaur zombies
  2 jellies (D:5)
  An orc priest (D:5)
  A hound (D:5)
  6 orc wizards
  An iguana (D:5)
  5 worker ants
  A hound zombie (D:6)
  2 worker ant zombies
  5 gnolls
  6 adders
  2 shadow imps (D:5)
  2 white imps
  An ufetubus (D:5)
  An ooze (D:6)
  3 worms
  2 dart slugs
  2 leopard geckos (D:3)
  14 orcs
  10 bats
  7 giant cockroaches
  12 goblins
  5 hobgoblins
  3 jackals (D:3)
  4 quokkas
  2 ball pythons
  2 frilled lizards (D:4)
  7 kobolds
  2 leopard gecko zombies (D:5)
  A quokka skeleton (D:4)
  8 rats
131 creatures vanquished.

Notes
Turn   | Place    | Note
-------+----------+-------------------------------------------
     0 | D:1      | MrTaco21 the Gargoyle Fighter began the quest for the Orb.
     0 | D:1      | Reached XP level 1. HP: 14/14 MP: 1/1
   108 | D:1      | Reached XP level 2. HP: 12/19 MP: 2/2
   431 | D:1      | Reached skill level 3 in Maces & Flails
   758 | D:1      | Reached XP level 3. HP: 23/23 MP: 3/3
  1017 | D:2      | You fall into a shaft and drop 1 floor!
  1619 | D:2      | Reached skill level 4 in Maces & Flails
  1885 | D:3      | Reached XP level 4. HP: 17/28 MP: 4/4
  2011 | D:3      | Noticed an ice beast
  2023 | D:3      | Killed an ice beast
  2024 | D:3      | Reached skill level 5 in Maces & Flails
  2024 | D:3      | Reached XP level 5. HP: 16/32 MP: 5/5
  2497 | D:3      | Reached skill level 6 in Maces & Flails
  2497 | D:3      | Reached XP level 6. HP: 16/37 MP: 6/6
  3326 | D:4      | Found a faded altar of an unknown god.
  3326 | D:4      | Found an iron altar of Okawaru.
  3334 | D:4      | Found a snail-covered altar of Cheibriados.
  3336 | D:4      | Found a bloodstained altar of Trog.
  3338 | D:4      | Found a faded altar of an unknown god.
  3373 | D:4      | Became a worshipper of Warmaster Okawaru
  3535 | D:4      | Found a shadowy altar of Dithmenos.
  3545 | D:4      | Found Qaysayby's Weapon Boutique.
  3606 | D:4      | Noticed Menkaure
  3611 | D:4      | Killed Menkaure
  3612 | D:4      | Reached skill level 7 in Maces & Flails
  3612 | D:4      | Reached XP level 7. HP: 41/41 MP: 7/7
  4263 | D:5      | Entered Level 5 of the Dungeon
  4416 | D:5      | Reached skill level 8 in Maces & Flails
  5032 | D:5      | Reached * piety under Okawaru
  5225 | D:5      | Found a hazy altar of Hepliaklqana.
  5230 | D:5      | Reached skill level 9 in Maces & Flails
  5230 | D:5      | Reached XP level 8. HP: 46/46 MP: 8/8
  5551 | D:6      | Noticed Eustachio
  5717 | D:6      | Killed Eustachio
  5721 | D:6      | Reached skill level 10 in Maces & Flails
  5896 | D:6      | Reached ** piety under Okawaru
  6136 | D:6      | Engulfed by a steam dragon's steam

Illustrated notes

Levels and vault maps discovered:
D:1:      lemuel_arrival_funnel, layout_basic, minmay_pentomino_o4
D:2:      layout_loops_ring, supply_closet_lemuel, kennysheep_pointless_box,
          kennysheep_generic_room_5
D:3:      layout_loops_ring, kennysheep_nub
D:4:      layout_basic, grunt_dithmenos_smoke,
          chequers_temple_overflow_minitemple, serial_shops, shop, uniq_menkaure
D:5:      layout_cave_pools, basic_altar
D:6:      layout_basic, uniq_eustachio

Skill      XL: |  1  2  3  4  5  6  7  8 |
---------------+-------------------------+-----
Maces & Flails | 3 4 5 6 7 9 10 | 10.8
Fighting       | |  3.2
Armour         | |  3.2
Shields        | |  3.2

Action                   |  1- 3 |  4- 6 |  7- 9 || total
-------------------------+-------+-------+-------++-------
Melee: Flail             |   146 |   141 |   193 ||   480
       Mace              |       |    54 |       ||    54
Throw: Dart              |       |       |     2 ||     2
Armor: Scale mail        |   105 |   110 |   133 ||   348
Dodge: Dodged            |    66 |    63 |    81 ||   210
Block: Kite shield       |   123 |    76 |   211 ||   410
       Reflection        |       |       |     3 ||     3

Table legend: (Time is in decaauts)
 A = Elapsed time spent in this place.
 B = Non-inter-level travel time spent in this place.
 C = Inter-level travel time spent in this place.
 D = Time resting spent in this place.
 E = Time spent auto-exploring this place.
 F = Levels seen in this place.
 G = Mean time per level.
                   A        B        C        D        E       F      G
               +--------+--------+--------+--------+--------+-----+--------+
         Total |   6311 |   6100 |    211 |   1268 |   3539 |   6 | 1051.8 |
       Dungeon |   6311 |   6100 |    211 |   1268 |   3539 |   6 | 1051.8 |
               +--------+--------+--------+--------+--------+-----+--------+

Top non-repeatable levels by time:
     D:3: 1546 daAuts
     D:5: 1298 daAuts
     D:4: 1282 daAuts
     D:1: 977 daAuts
     D:2: 871 daAuts
     D:6: 335 daAuts
